Map: Bastion of the Conclave

Players

NEO

  • Race: Protoss Protoss
  • League: Platinum
  • Spawn Location: 12:00

grendel

  • Race: Zerg Zerg
  • Spawn Location: 0:00

ESSS

  • Race: Zerg Zerg
  • Spawn Location: 12:00

ThunderBoy

  • Race: Zerg Zerg
  • Spawn Location: 6:00

Metasapien

  • Race: Zerg Zerg
  • League: Platinum
  • Spawn Location: 6:00

HUZKYBOI

  • Race: Protoss Protoss
  • Spawn Location: 6:00

VOD

Have the link to the VOD?

Description

Time

  • Played on: Sept. 24, 2017, 3:44 p.m.
  • Length: 13:03
Show
View Real Time Build Order
Export as new Build Order

NEO Protoss 

Build Orders:  

Get SALT Encoding   

  12  0:01  Probe (Chrono Boost)  
  13  0:16  Pylon  
  13  0:18  Probe (Chrono Boost)  
  14  0:29  Probe (Chrono Boost)  
  15  0:39  Gateway  
  15  0:42  Probe (Chrono Boost)  
  16  0:50  Assimilator  
  16  0:54  Probe (Chrono Boost)  
  17  1:07  Probe (Chrono Boost)  
  18  1:17  Probe (Chrono Boost)  
  19  1:19  Gateway  
  19  1:30  Probe (Chrono Boost), Pylon  
  19  1:31  Assimilator  
  20  1:34  Pylon  
  20  1:40  Cybernetics Core  
  20  1:45  Probe (Chrono Boost)  
  21  2:00  Probe (Chrono Boost)  
  22  2:12  Pylon  
  22  2:19  Stalker (Chrono Boost)  
  22  2:20  Stalker (Chrono Boost)  
  26  2:32  Pylon, Mothership Core  
  28  2:47  Pylon  
  28  2:51  Stalker (Chrono Boost)  
  30  3:00  Stalker (Chrono Boost)  
  32  3:21  Stalker (Chrono Boost)  
  34  3:33  Nexus  
  34  3:36  Twilight Council  
  34  3:39  Probe  
  35  3:45  Stalker (Chrono Boost)  
  37  4:02  Probe (Chrono Boost)  
  38  4:07  Stalker (Chrono Boost)  
  40  4:27  Stalker (Chrono Boost)  
  40  4:30  Probe  
  43  4:35  Sentry (Chrono Boost)  
  45  4:41  Pylon  
  45  4:42  Probe (Chrono Boost)  
  45  4:45  Probe (Chrono Boost)  
  47  4:52  Forge  
  47  4:53  Probe (Chrono Boost)  
  50  5:00  Stalker (Chrono Boost)  
  50  5:01  Stalker (Chrono Boost)  
  52  5:07  Probe (Chrono Boost), Pylon  
  52  5:11  Probe (Chrono Boost)  
  54  5:19  Probe (Chrono Boost)  
  55  5:22  Blink (Chrono Boost)  
  55  5:29  Probe (Chrono Boost)  
  55  5:31  Probe (Chrono Boost)  
  57  5:39  Assimilator  
  57  5:41  Probe (Chrono Boost), Pylon  
  57  5:42  Probe (Chrono Boost)  
  59  5:51  Probe (Chrono Boost)  
  59  5:53  Probe (Chrono Boost)  
  61  6:02  Probe (Chrono Boost)  
  62  6:23  Stargate  
  62  6:29  Stargate  
  63  6:33  Probe x2 (Chrono Boost)  
  63  6:36  Assimilator  
  64  7:18  Probe (Chrono Boost)  
  65  7:29  Probe (Chrono Boost)  
  66  7:32  Void Ray x2 (Chrono Boost)  
  74  7:40  Probe  
  75  7:52  Probe  
  76  8:07  Fleet Beacon  
  76  8:10  Void Ray (Chrono Boost)  
  76  8:13  Nexus, Stargate  
  76  8:14  Void Ray (Chrono Boost)  
  76  8:17  Assimilator  
  76  8:19  Protoss Air Weapons Level 1 (Chrono Boost)  
  84  8:21  Assimilator  
  84  8:22  Pylon  
  84  8:26  Nexus  
  84  8:32  Forge  
  84  8:35  Probe x2  
  86  8:46  Pylon  
  86  8:47  Probe x2  
  88  8:55  Void Ray (Chrono Boost)  
  92  8:56  Void Ray x2 (Chrono Boost)  
  92  8:59  Probe x2  
  102  9:11  Probe  
  102  9:12  Photon Cannon  
  102  9:14  Photon Cannon  
  102  9:16  Photon Cannon  
  103  9:20  Graviton Catapult (Chrono Boost)  
  103  9:22  Probe  
  103  9:23  Probe  
  105  9:27  Pylon  
  105  9:30  Assimilator  
  105  9:33  Assimilator  
  105  9:34  Probe  
  105  9:35  Probe  
  105  9:37  Photon Cannon  
  107  9:46  Probe  
  107  9:47  Carrier, Probe  
  115  9:56  Stargate  
  115  9:57  Stargate  
  109  10:31  Photon Cannon  
  109  10:33  Pylon, Photon Cannon  
  109  10:35  Pylon  
  109  10:53  Fleet Beacon  
  109  10:55  Probe x3  
  111  10:57  Probe  
  113  11:08  Photon Cannon  
  113  11:13  Pylon  
  113  11:22  Void Ray x2 (Chrono Boost)  
  113  11:23  Void Ray (Chrono Boost)  
  129  11:28  Void Ray (Chrono Boost)  
  129  11:30  Probe  
  129  11:31  Probe x2  
  129  11:32  Probe  
  133  11:39  Pylon  
  133  11:43  Probe x2  
  133  11:46  Void Ray (Chrono Boost)  
  153  12:42  Pylon  
  153  12:46  Pylon  
Show
View Real Time Build Order
Export as new Build Order

grendel Zerg 

Build Orders: Pool First 

Get SALT Encoding   

  12  0:22  Spawning Pool  
  11  0:48  Hatchery  
  10  1:09  Zergling x6  
  13  1:20  Extractor  
  13  1:21  Queen  
  14  1:32  Overlord  
  14  1:52  Drone x2  
  14  1:54  Drone  
  17  2:07  Drone  
  18  2:12  Drone  
  19  2:19  Drone  
  20  2:31  Drone x2  
  20  2:54  Drone x4  
  20  2:58  Spine Crawler  
  22  3:12  Spine Crawler  
  21  3:14  Spine Crawler  
  21  3:16  Drone  
  21  3:21  Drone  
  21  3:23  Drone  
  21  3:26  Drone  
  24  3:31  Drone  
  25  3:35  Drone  
  25  3:39  Drone  
  27  3:42  Drone  
  27  3:47  Overlord  
  28  3:55  Lair  
  28  4:05  Spore Crawler  
  28  4:08  Drone, Spore Crawler  
  27  4:13  Drone  
  28  4:26  Drone  
  28  4:27  Drone x6  
  28  4:30  Extractor  
  34  4:33  Extractor  
  33  4:41  Drone x3  
  33  4:45  Overlord  
  36  4:56  Overlord x2  
  36  5:03  Infestation Pit  
  35  5:08  Overlord  
  35  5:09  Overlord  
  35  5:10  Drone  
  36  5:22  Drone x5  
  41  5:30  Spire  
  64  6:04  Drone  
  64  6:05  Drone  
  64  6:09  Extractor  
  65  6:13  Drone  
  66  6:47  Zergling x12  
  72  7:07  Zergling x6  
  72  7:08  Zergling x2  
  76  7:11  Overlord  
  76  7:13  Spine Crawler  
  75  7:16  Spine Crawler  
  75  7:18  Spine Crawler  
  73  7:24  Queen  
  69  8:03  Drone x5  
  69  8:05  Overlord x2  
  74  8:06  Overlord  
  74  8:15  Overlord x4  
  74  8:17  Queen  
  76  8:34  Mutalisk  
  76  8:35  Mutalisk x3  
  84  8:42  Mutalisk x4  
  84  8:46  Mutalisk, Zerg Flyer Armor Level 1  
  94  8:58  Pneumatized Carapace  
  94  9:06  Burrow  
  94  9:20  Mutalisk  
  94  9:22  Mutalisk  
  98  9:40  Mutalisk  
  98  9:44  Evolution Chamber  
  99  9:50  Mutalisk  
  99  9:52  Mutalisk  
  103  10:40  Zerg Flyer Weapons Level 1, Mutalisk x2  
  103  10:41  Mutalisk x3  
  101  10:57  Mutalisk  
  103  11:34  Mutalisk x4  
  109  11:44  Mutalisk  
  111  11:55  Mutalisk  
  111  11:56  Overlord  
  111  11:57  Overlord x2  
  113  12:13  Mutalisk x2  
  113  12:14  Overlord x2  
Show
View Real Time Build Order
Export as new Build Order

ESSS Zerg 

Build Orders: Pool First, Swarm Host 

Get SALT Encoding   

  12  0:10  Extractor  
  12  0:13  Extractor  
  10  0:45  Drone x3  
  13  0:54  Spawning Pool  
  12  0:57  Evolution Chamber  
  11  1:04  Drone  
  12  1:32  Drone x2  
  14  1:34  Overlord  
  14  1:45  Overlord  
  14  1:52  Queen  
  16  2:15  Drone x2  
  18  2:18  Drone  
  19  2:32  Lair  
  19  2:41  Zerg Missile Weapons Level 1  
  19  2:43  Drone x2  
  21  2:56  Drone  
  22  3:01  Drone x2  
  22  3:03  Overlord  
  22  3:04  Overlord  
  24  3:33  Hydralisk Den  
  23  3:40  Infestation Pit  
  22  3:49  Drone x2  
  22  3:50  Hatchery  
  22  3:54  Drone  
  24  4:01  Drone x2  
  26  4:06  Drone  
  27  4:19  Hydralisk  
  29  4:38  Hydralisk x2  
  33  4:46  Lurker Den  
  33  4:48  Drone  
  34  4:58  Zerg Ground Armor Level 1  
  34  5:00  Hydralisk  
  34  5:06  Hydralisk  
  38  5:17  Hydralisk  
  40  5:22  Drone x2  
  42  5:28  Hydralisk x2  
  42  5:33  Drone  
  39  6:05  Hydralisk x4  
  47  6:12  Drone x2  
  47  6:18  Extractor x2  
  47  6:32  Drone x3  
  50  6:33  Drone x2  
  50  6:34  Overlord x2  
  52  7:00  Drone x5, Spine Crawler x2  
  52  7:01  Drone, Spine Crawler  
  55  7:20  Swarm Host  
  67  7:27  Overlord  
  67  7:28  Drone  
  68  7:45  Queen  
  64  7:57  Swarm Host x2  
  76  8:08  Spore Crawler  
  76  8:12  Drone  
  76  8:13  Overlord x3  
  76  8:18  Burrow  
  76  8:21  Pneumatized Carapace  
  76  8:31  Lurker  
  77  8:49  Hydralisk x3  
  83  9:01  Drone x6  
  89  9:21  Swarm Host  
  89  9:23  Overlord x2  
  98  9:46  Hydralisk x4  
  106  10:26  Hydralisk  
  106  10:27  Hydralisk x5  
  113  11:04  Muscular Augments  
  89  11:48  Hydralisk x8  
  89  11:49  Hydralisk x2  
  101  12:03  Hydralisk x2  
  90  12:37  Hydralisk  
  90  12:38  Hydralisk x5  
Show
View Real Time Build Order
Export as new Build Order

ThunderBoy Zerg 

Build Orders: Pool First 

Get SALT Encoding   

  12  0:02  Drone  
  13  0:15  Drone  
  14  0:33  Overlord x2  
  14  0:37  Extractor  
  14  0:40  Drone  
  14  0:51  Spawning Pool  
  14  0:57  Drone x2  
  15  1:16  Drone  
  15  1:18  Drone  
  17  1:29  Drone  
  18  1:38  Queen  
  20  1:43  Drone  
  21  1:48  Metabolic Boost  
  21  2:04  Hatchery  
  20  2:08  Drone  
  20  2:09  Drone  
  23  2:17  Zergling x2  
  23  2:23  Drone  
  23  2:26  Queen  
  26  2:37  Roach Warren  
  26  2:38  Zergling x2  
  26  3:12  Lair  
  26  3:15  Hatchery  
  25  3:24  Roach  
  25  3:25  Overlord x2, Roach  
  28  4:12  Roach x6  
  40  4:34  Roach x3  
  46  4:45  Overseer  
  46  5:03  Overlord  
  46  5:04  Overlord x2  
  46  5:09  Extractor  
  46  5:13  Spore Crawler  
  44  5:16  Glial Reconstitution  
  44  5:27  Drone  
  44  5:28  Drone x4  
  48  6:01  Overlord x2  
  48  6:02  Queen  
  50  6:06  Hatchery  
  50  6:09  Drone x2  
  50  6:10  Drone x2  
  53  6:23  Drone  
  53  6:24  Evolution Chamber  
  53  6:25  Evolution Chamber  
  52  6:38  Queen  
  54  6:49  Roach  
  54  6:50  Roach  
  56  7:00  Zerg Missile Weapons Level 1  
  56  7:01  Zerg Ground Armor Level 1  
  56  7:03  Drone x5  
  56  7:21  Roach x3  
  56  7:22  Zergling x2, Roach x3  
  69  7:40  Ravager  
  70  7:46  Zergling x10  
  75  8:05  Burrow  
  75  8:06  Hatchery  
  74  8:26  Nydus Network  
  73  8:32  Drone x3  
  67  9:10  Pneumatized Carapace  
  67  9:12  Extractor  
  67  9:14  Extractor  
  65  9:18  Queen  
  65  9:20  Drone x7  
  65  9:21  Drone x5  
  79  9:39  Drone x2  
  79  10:26  Infestation Pit  
  78  10:39  Hydralisk Den  
  77  10:43  Roach x2  
  77  10:46  Overlord x2  
  75  11:21  Zergling x10, Roach  
  75  11:22  Zergling x12  
  66  11:43  Hydralisk  
  66  11:44  Hydralisk x2  
  69  11:58  Overseer  
  69  11:59  Overseer  
  69  12:14  Overlord  
  69  12:15  Overlord x2  
Show
View Real Time Build Order
Export as new Build Order

Metasapien Zerg 

Build Orders: Hatch First, Swarm Host 

Get SALT Encoding   

  12  0:31  Hatchery  
  11  0:36  Extractor  
  11  0:37  Drone  
  11  0:40  Drone  
  12  0:45  Drone  
  13  0:55  Overlord  
  13  1:16  Spawning Pool  
  12  1:19  Drone  
  12  1:22  Drone  
  15  1:32  Drone  
  15  1:33  Drone  
  16  1:43  Drone  
  17  1:47  Drone  
  17  1:53  Drone  
  19  1:55  Drone  
  20  2:10  Drone  
  20  2:12  Zergling x2  
  22  2:18  Spine Crawler  
  22  2:21  Zergling x2, Extractor  
  22  2:22  Zergling x2, Metabolic Boost  
  22  2:30  Queen  
  23  2:50  Zergling x8  
  23  2:51  Zergling x2  
  25  3:13  Drone  
  25  3:14  Drone  
  27  3:39  Drone, Hatchery  
  27  3:45  Lair  
  27  3:47  Extractor  
  27  3:48  Drone  
  27  3:54  Overlord  
  27  4:02  Extractor  
  26  4:04  Overlord  
  26  4:12  Queen  
  28  4:20  Drone x5  
  33  4:27  Overlord  
  33  4:37  Drone x2  
  35  4:45  Drone x2  
  36  4:46  Drone x2  
  36  4:47  Drone  
  36  4:52  Drone  
  41  5:01  Overseer  
  41  5:09  Infestation Pit  
  41  5:12  Hydralisk Den  
  41  5:13  Drone x3  
  41  5:14  Drone  
  43  5:15  Drone x3  
  46  5:25  Drone x3  
  46  5:26  Drone x2  
  51  5:31  Queen  
  48  5:56  Burrow, Pneumatized Carapace  
  48  6:00  Infestor  
  48  6:03  Overlord x3  
  48  6:04  Overlord  
  50  6:13  Extractor  
  50  6:18  Queen, Extractor  
  50  6:27  Drone x3  
  50  6:28  Drone x5  
  50  6:29  Drone x3  
  50  6:32  Overlord  
  61  6:39  Queen  
  63  6:47  Drone  
  63  6:52  Drone x3  
  63  6:53  Drone  
  68  7:01  Drone  
  68  7:02  Drone x3  
  68  7:06  Spore Crawler x2  
  70  7:09  Spine Crawler  
  70  7:12  Evolution Chamber  
  70  7:15  Evolution Chamber  
  67  7:17  Drone x3, Infestor  
  67  7:18  Drone x3  
  67  7:20  Swarm Host x4  
  67  7:22  Swarm Host  
  88  7:30  Overlord x3  
  88  7:33  Overseer  
  88  7:37  Overlord x2  
  88  7:56  Hydralisk  
  88  7:57  Hydralisk  
  88  7:58  Hydralisk x6  
  94  8:02  Zerg Missile Weapons Level 1  
  94  8:03  Zerg Ground Armor Level 1  
  104  8:06  Overseer  
  104  8:16  Nydus Network  
  103  8:24  Hydralisk x3  
  103  8:25  Hydralisk  
  103  8:26  Swarm Host x2  
  103  8:27  Swarm Host  
  111  8:28  Swarm Host  
  123  8:35  Overseer  
  123  8:38  Hydralisk x2  
  123  8:39  Hydralisk  
  129  8:46  Muscular Augments  
  129  8:55  Drone  
  130  8:57  Overlord x3  
  130  8:58  Overlord x2  
  130  9:00  Overlord  
  130  9:19  Overlord x4  
  130  9:22  Swarm Host x5  
  145  9:45  Zergling x14  
  150  9:46  Zergling x4  
  154  9:57  Nydus Canal  
  154  10:01  Overlord x2  
  154  10:02  Overlord x2  
  154  10:19  Drone x4  
  158  10:36  Nydus Canal  
  154  11:01  Hatchery  
  151  11:28  Hydralisk x3  
  151  11:29  Hydralisk x3  
  142  12:04  Hydralisk  
  142  12:05  Hydralisk x5  
  128  12:18  Overseer  
  128  12:19  Overseer  
  128  12:21  Hydralisk x2  
  101  12:43  Nydus Canal  
Show
View Real Time Build Order
Export as new Build Order

HUZKYBOI Protoss 

Build Orders:  

Get SALT Encoding   

  12  0:14  Pylon  
  12  0:17  Probe (Chrono Boost)  
  13  0:27  Probe (Chrono Boost)  
  14  0:40  Probe (Chrono Boost)  
  15  0:50  Probe (Chrono Boost)  
  16  1:00  Gateway  
  16  1:03  Assimilator  
  16  1:06  Probe (Chrono Boost)  
  16  1:10  Assimilator  
  17  1:22  Probe (Chrono Boost)  
  18  1:35  Probe (Chrono Boost)  
  19  1:45  Probe (Chrono Boost)  
  20  1:56  Probe (Chrono Boost)  
  21  2:03  Cybernetics Core  
  21  2:06  Probe (Chrono Boost)  
  22  2:35  Pylon  
  22  2:43  Pylon  
  22  2:54  Mothership Core (Chrono Boost)  
  24  3:04  Robotics Facility  
  24  3:15  Robotics Facility  
  24  3:22  Robotics Facility  
  24  3:53  Warp Prism (Chrono Boost)  
  26  4:05  Robotics Facility, Immortal (Chrono Boost)  
  34  4:13  Immortal (Chrono Boost)  
  38  4:39  Immortal (Chrono Boost)  
  38  4:57  Pylon  
  38  4:58  Pylon  
  38  5:02  Pylon  
  38  5:13  Nexus  
  38  5:20  Warp Prism (Chrono Boost)  
  40  5:26  Warp Prism (Chrono Boost)  
  46  5:38  Immortal (Chrono Boost)  
  46  6:03  Immortal (Chrono Boost)  
  50  6:09  Immortal (Chrono Boost)  
  54  6:31  Immortal (Chrono Boost)  
  58  6:56  Immortal (Chrono Boost)  
  62  7:01  Probe  
  49  7:13  Probe  
  49  7:22  Observer (Chrono Boost)  
  50  7:25  Probe  
  51  7:38  Probe  
  52  7:50  Probe  
  23  8:07  Probe  
  24  8:19  Probe  
  25  8:24  Warp Prism (Chrono Boost)  
  25  8:31  Probe (Chrono Boost)  
  28  8:42  Probe (Chrono Boost)  
  29  9:14  Nexus  
  29  9:34  Assimilator  
  29  9:35  Probe (Chrono Boost)  
  29  9:37  Assimilator  
  30  9:43  Stargate  
  31  9:47  Probe (Chrono Boost)  
  31  9:59  Probe (Chrono Boost)  
  32  10:11  Probe (Chrono Boost)  
  33  10:23  Probe (Chrono Boost)  
  14  10:46  Probe (Chrono Boost)  
  14  10:58  Probe (Chrono Boost)  
  14  11:10  Probe (Chrono Boost)  
  15  11:18  Pylon  
  15  11:23  Probe (Chrono Boost)  
  16  11:35  Probe (Chrono Boost)  
  17  12:09  Stargate  
  17  12:12  Stargate  
  18  12:15  Stargate  
  18  12:17  Probe (Chrono Boost)  
  18  12:25  Probe (Chrono Boost)  
  18  12:29  Probe (Chrono Boost)  
  20  12:36  Probe (Chrono Boost)  
  21  12:41  Probe (Chrono Boost)  
  22  12:46  Probe (Chrono Boost)  
  22  12:49  Stargate  
  22  12:50  Stargate  
  33  12:58  Pylon  
Tags
 
Add a new tag
Caveats
  • Supply blocks, unpowered buildings, or Contaminate may cause inaccurate times.
  • Supply counts are checked every 10 seconds.